 Dungeon Crawl Stone Soup version 0.29.1-13-g9f3cf754e1 (webtiles) character file.

Game seed: 17765411067946852948

139 bjubeck the Trooper (level 5, -7/48 HPs)
             Began as a Minotaur Fighter on Feb 2, 2023.
             Killed by divine providence
             ... invoked by an orc priest
              (14 damage)
             ... on level 3 of the Dungeon.
             The game lasted 00:04:30 (2676 turns).

bjubeck the Trooper (Minotaur Fighter)              Turns: 2676, Time: 00:04:30

Health: -7/48      AC:  6    Str: 23    XL:     5   Next: 1%
Magic:  4/4        EV:  9    Int:  5    God:
Gold:   93         SH:  5    Dex: 15    Spells: 4/4 levels left

rFire   . . .      SeeInvis .   a - +0 war axe
rCold   . . .      Faith    .   c - +0 buckler
rNeg    . . .      Spirit   .   b - +0 scale mail
rPois   .          Reflect  .   (helmet restricted)
rElec   .          Harm     .   (no cloak)
rCorr   .          Rampage  .   (no gloves)
Will    +....                   (no boots)
Stlth   ..........              (no amulet)
HPRegen 0.16/turn               o - ring of willpower
MPRegen 0.09/turn               r - +6 ring of dexterity

@: no status effects
A: horns 2, retaliatory headbutt
a: no special abilities


You were on level 3 of the Dungeon.
You visited 1 branch of the dungeon, and saw 3 of its levels.

You collected 93 gold pieces.

Inventory:

Hand Weapons
 a - a +0 war axe (weapon)
Armour
 b - a +0 scale mail (worn)
 c - a +0 buckler (worn)
Jewellery
 o - a ring of willpower (left hand)
 r - a +6 ring of dexterity (right hand)
Scrolls
 f - 3 scrolls of teleportation {unknown}
 h - 4 scrolls of identify {unknown}
 i - a scroll of summoning {unknown}
 j - 2 scrolls of fog {unknown}
 m - 2 scrolls of amnesia {unknown}
 n - 2 scrolls of silence {unknown}
 q - a scroll of fear {unknown}
 u - a scroll of vulnerability {unknown}
Potions
 d - 2 potions of might
 e - a potion of degeneration {unknown}
 g - a potion of lignification {unknown}
 k - a potion of heal wounds {unknown}
 l - 3 potions of mutation {unknown}
 p - a potion of brilliance {unknown}
 s - a potion of flight {unknown}
 t - a potion of attraction {unknown}


   Skills:
 + Level 5.5 Fighting
 + Level 4.7 Axes
 - Level 3.6 Armour
 - Level 3.6 Shields


You had 4 spell levels left.
You didn't know any spells.
Your spell library contained the following spells:

 Spells                   Type           Power      Damage    Failure   Level
 Magic Dart               Conj           0%         1d3       86%         1
 Searing Ray              Conj           0%         2d4       95%         2
 Fulminant Prism          Conj/Hex       0%         3d6       100%        4


Dungeon Overview and Level Annotations

Branches:
Dungeon (3/15)

Altars:

Shops:
D:3 =


Innate Abilities, Weirdness & Mutations

You have a pair of horns on your head.
You reflexively headbutt those who attack you in melee.


Message History

Found a stone staircase leading down.
A kobold comes into view. It is wielding a +0 dagger.
The kobold closely misses you. You furiously retaliate!
You headbutt the kobold. You closely miss the kobold.
The kobold is heavily wounded.
The kobold drinks a potion.
The kobold is healed!
You hit the kobold but do no damage. The kobold hits you but does no damage.
The kobold barely misses you.
A kobold is nearby!
You barely miss the kobold. You headbutt the kobold.
You kill the kobold!
An orc comes into view. It is wielding a +0 hand axe.
The orc shouts!
An orc comes into view. It is wielding a +0 club.
An orc priest comes into view. It is wielding a +0 dagger.
Found a There-And-Back Book.
The orc priest shouts!
An orc priest comes into view. It is wielding a +0 dagger.
The orc hits you with a +0 hand axe.
The orc priest shouts!
You slash the orc!
You kill the orc!
The orc priest looks braver for a moment.
You have reached level 5!
The orc priest looks satisfied for a moment.
The orc attacks as you move away! You block the orc's attack.
The orc priest invokes the aid of Beogh against you.
Beogh smites you!
The orc priest calls down the wrath of Beogh upon you.
Beogh smites you! The orc attacks as you move away! The orc misses you.
You furiously retaliate!
You headbutt the orc!
You kill the orc!
The orc priest calls down the wrath of Beogh upon you.
Beogh smites you!
* * * LOW HITPOINT WARNING * * *
The orc priest invokes the aid of Beogh against you.
Beogh smites you!
You die...

.........#.# #.. .........#.#
#### ###.. ####.#####.#
...###.... #.## #.# #.....#..
####..# #.# #...##... #.....# #.#
###### ##.#....## #.....####.#
#....# ###....†....
#..........###....####......†####
#.....##.....#..@<##........##
#.....##.....#...........##.###
#........................##...###
#####.#...)..).........######...#
#.......o..........## ###.#
####..................# #..
#........##o..........##### ###
#........#.........##.....#####
#.....)....#<....#......#......


You could see 2 orc priests.

Vanquished Creatures
  Terence (D:2)
  5 adders (D:2)
  2 dart slugs (D:1)
  3 orcs (D:3)
  2 bats (D:1)
  4 endoplasms (D:1)
  4 giant cockroaches
  3 goblins
  8 hobgoblins
  3 jackals (D:1)
  2 quokkas (D:2)
  11 ball pythons
  2 frilled lizards
  3 kobolds
  7 rats
60 creatures vanquished.

Notes
Turn   | Place    | Note
-------+----------+-------------------------------------------
     0 | D:1      | bjubeck the Minotaur Fighter began the quest for the Orb.
     0 | D:1      | Reached XP level 1. HP: 19/19 MP: 0/0
   222 | D:1      | Reached skill level 4 in Fighting
   222 | D:1      | Reached XP level 2. HP: 27/27 MP: 1/1
   222 | D:1      | Found a faded altar of an unknown god.
   767 | D:1      | Reached XP level 3. HP: 34/34 MP: 2/2
  1362 | D:2      | Noticed Terence
  1368 | D:2      | Killed Terence
  1431 | D:2      | Reached XP level 4. HP: 34/41 MP: 3/3
  1560 | D:2      | Reached skill level 5 in Fighting
  2401 | D:3      | Found Alehops's Jewellery Shoppe.
  2669 | D:3      | Reached XP level 5. HP: 41/48 MP: 4/4
  2676 | D:3      | Killed from afar by an orc priest

Illustrated notes

Levels and vault maps discovered:
D:1:      psy_arrival_spokes, layout_basic, chequers_ecumenical_altar_island
D:2:      layout_basic, minivault_4, minmay_snake_closets, uniq_terence
D:3:      layout_rooms, serial_shops, shop

Skill      XL: |  1  2  3  4 |
---------------+-------------+-----
Fighting       | 4 5 |  5.5
Axes           | 3 4 |  4.7
Armour         | |  3.6
Shields        | |  3.6

Action                   |  1- 3 |  4- 6 || total
-------------------------+-------+-------++-------
Melee: War axe           |    80 |    63 ||   143
       Headbutt          |     9 |     6 ||    15
Armor: Scale mail        |    29 |    16 ||    45
Dodge: Dodged            |    28 |    37 ||    65
Block: Buckler           |    19 |    22 ||    41
